 Dungeon Crawl Stone Soup version 0.28.0-55-gcd9437bce4 (webtiles) character file.

Game seed: 14175775993068165087

20615 tkbsonic5 the Cleaver (level 12, -4/163 HPs)
             Began as a Deep Dwarf Fighter on Dec 25, 2022.
             Was a High Priest of Elyvilon.
             Shot with an arrow by Nessos (8 damage)
             ... on level 4 of the Lair of Beasts on Dec 29, 2022.
             The game lasted 00:57:27 (11907 turns).

tkbsonic5 the Cleaver (Deep Dwarf Fighter)         Turns: 11907, Time: 00:57:29

Health: -4/163     AC: 26    Str: 36    XL:     12   Next: 46%
Magic:  11/11      EV:  2    Int: 10    God:    Elyvilon [*****.]
Gold:   444        SH: 12    Dex: 12    Spells: 19/19 levels left

rFire   . . .      SeeInvis .   a - +2 war axe (spect)
rCold   . . .      Faith    .   k - +2 kite shield
rNeg    . . .      Spirit   .   (armour currently unavailable)
rPois   +          Reflect  .   (helmet currently unavailable)
rElec   .          Harm     .   (cloak currently unavailable)
rCorr   .          Rampage  .   (gloves currently unavailable)
Will    +....      NoTele   +   (boots currently unavailable)
Stlth   +.........              (no amulet)
HPRegen 0.00/turn               e - +6 ring of strength
MPRegen 0.12/turn               l - +6 ring of strength

@: lethally poisoned (-4 -> -4), tree-form
A: stationary, stasis, torment immunity, boosted hp, damage resistance, heal
wounds, sense surroundings 2, no regeneration
a: Heal Wounds, Renounce Religion, Purification, Heal Other, Heal Self, Divine
Vigour


You were on level 4 of the Lair of Beasts.
You worshipped Elyvilon.
Elyvilon was extremely pleased with you.
You were a tree.
You visited 2 branches of the dungeon, and saw 14 of its levels.

You collected 1082 gold pieces.
You spent 638 gold pieces at shops.

Inventory:

Hand Weapons
 a - a +2 spectral war axe (weapon)
 i - a +1 vorpal hand axe
 m - a +2 vorpal hand axe
 p - a +0 hunting sling
 z - a +0 shortbow
 K - a +0 battleaxe
 P - the +4 whip of a treasure trove {protect, Will+ rCorr}
   (You found it on level 2 of the Lair of Beasts)

   It grants its wielder temporary protection when it strikes (+7 to AC).
   rCorr:     It protects you from acid and corrosion.
   Will:      It increases your willpower.
 U - a +0 battleaxe of electrocution
Missiles
 q - 120 bolts
 v - 23 poisoned darts
 y - 276 arrows
 H - 8 javelins (quivered)
Armour
 b - a +0 scale mail
 d - a +0 plate armour
 k - a +2 kite shield (worn)
 r - the +0 buckler "Asudigaq" {rElec Will+ MP+9}
   (You found it on level 4 of the Dungeon)

   rElec:     It insulates you from electricity.
   MP:        It affects your magic capacity (+9).
   Will:      It increases your willpower.
 B - a +2 hat (melded)
 J - quicksilver dragon scales (melded)
 Q - a +0 tower shield
Magical Staves
 n - a staff of earth
 N - a staff of earth
Jewellery
 e - a +6 ring of strength (left branch)
 l - a +6 ring of strength (right branch)
 M - a ring of ice
 O - a ring of magical power
 S - a ring of fire
Wands
 A - a wand of digging (3)
Scrolls
 f - 4 scrolls of fog
 h - 3 scrolls of blinking
 o - 2 scrolls of amnesia
 u - 3 scrolls of teleportation
 w - 4 scrolls of identify
 G - a scroll of holy word
 I - 2 scrolls of magic mapping
 T - 2 scrolls of enchant armour
Potions
 g - 6 potions of curing
 j - 2 potions of magic
 s - 2 potions of flight
 C - a potion of haste
 D - a potion of lignification
 F - 2 potions of resistance
 L - a potion of heal wounds
Miscellaneous
 c - a phantom mirror (inert)
 t - a lightning rod (inert)
 R - a phial of floods (inert)


   Skills:
 * Level 7.4 Fighting
 * Level 9.8 Axes
 + Level 6.3 Throwing
 * Level 8.7 Armour
 * Level 7.0 Dodging
 * Level 8.8 Shields
 - Level 4.2 Spellcasting
 * Level 9.1 Invocations
 + Level 7.6 Evocations


You had 19 spell levels left.
You didn't know any spells.
Your spell library contained the following spells:

 Spells                   Type           Power      Damage    Failure   Level
 Animate Skeleton         Necr           4%         N/A       52%         1
 Pain                     Necr           8%         1d4       52%         1
 Blink                    Tloc           4%         N/A       65%         2
 Scorch                   Fire           4%         2d5       65%         2
 Sublimation of Blood     Necr           2%         N/A       65%         2
 Wereblood                Tmut           2%         N/A       65%         2
 Dazzling Flash           Conj/Hex       4%         N/A       87%         3
 Ignite Poison            Fire/Tmut/Pois 2%         N/A       87%         3
 Mephitic Cloud           Conj/Pois/Air  2%         N/A       87%         3
 Vampiric Draining        Necr           2%         2d6       87%         3
 Flame Wave               Conj/Fire      2%         2d4       99%         4
 Hailstorm                Conj/Ice       2%         3d3       99%         4
 Ice Form                 Ice/Tmut       2%         N/A       99%         4
 Agony                    Necr           2%         N/A       100%        5
 Freezing Cloud           Conj/Ice/Air   1%         6-21      100%        5
 Iskenderun's Battlesphe  Conj           2%         2d6       100%        5
 Manifold Assault         Tloc           2%         N/A       100%        5
 Silence                  Hex/Air        1%         N/A       100%        5
 Simulacrum               Ice/Necr       1%         N/A       100%        6
 Statue Form              Tmut/Erth      1%         N/A       100%        6
 Summon Cactus Giant      Summ           1%         N/A       100%        6
 Storm Form               Tmut/Air       1%         N/A       100%        7
 Summon Hydra             Summ           1%         N/A       100%        7
 Fire Storm               Conj/Fire      1%         7d1       100%        9


Dungeon Overview and Level Annotations

Branches:
Dungeon (10/15)            Temple (0/1) D:7            Lair (4/6) D:8
  Swamp (0/4) Lair:3        Snake (0/4) Lair:3
    Orc: D:9-12

Altars:
Elyvilon
Fedhas
Sif Muna
Vehumet

Shops:
D:1 [   D:7 *   D:10 !

Portals:
Trove: D:10 (give 5 scrolls of blinking)

Annotations:
Lair:1 2 transporters, exclusion: ice statue, Fractals's ghost, journeyman DrCj
Lair:2 exclusion: oklob plant
Lair:4 Nessos


Innate Abilities, Weirdness & Mutations

You are a tree.
Your roots penetrate the ground, keeping you stationary.
You cannot be teleported.
You are immune to unholy pain and torment.
Your maximum health is greatly increased.
Your equipment is partially melded.
You are resistant to damage.
You can heal yourself by infusing magical energy.
You passively map the area around you.
You do not regenerate.


Message History

You start putting on your armour.
You continue putting on your +2 kite shield.
Nessos mumbles some strange words.
Nessos blinks!
Nessos casts a spell.
Nessos blinks!
You continue putting on your +2 kite shield.
Nessos shoots an arrow.
The arrow hits you but does no damage.
You continue putting on your +2 kite shield.
Nessos shoots an arrow.
The arrow hits you but does no damage.
Nessos shoots an arrow.
The arrow hits you.
* * * LOW HITPOINT WARNING * * *
The arrow burns you.
Nessos shoots an arrow.
The arrow hits you.
* * * LOW HITPOINT WARNING * * *
The arrow burns you.
You are more poisoned.
* * * LOW HITPOINT WARNING * * *
You continue putting on your +2 kite shield.
You feel very sick.
Nessos shoots an arrow.
The arrow hits you!
* * * LOW HITPOINT WARNING * * *
The arrow burns you.
* * * LOW HITPOINT WARNING * * *
Nessos gestures wildly while chanting.
Nessos blinks!
You finish putting on your +2 kite shield.
Okay, then.
You are too injured to fight recklessly!
Throw: 9 javelins
Press: ? - help, Q - select action, (/) - cycle Shift-Dir - straight line, f/p - Nessos
Aim: Nessos, wielding a +1 longbow of flaming, wearing a +0 barding and quivering arrows (moderately wounded, fast, 74% to hit)
You throw a javelin. The javelin pierces through Nessos!
Nessos is heavily wounded.
Nessos shoots an arrow.
The arrow hits you but does no damage.
Nessos shoots an arrow.
The arrow hits you!
* * * LOW HITPOINT WARNING * * *
The arrow burns you.
* * * LOW HITPOINT WARNING * * *
Nessos shoots an arrow.
The arrow hits you!
You die...

.........P# #..............
*
........###...............
*
.........###..............
*........##................
* ,*,
(.......##................
, ..............
#P♣###.............
##..###...........# ##.##
##........... #...#
*#.......### ##..# , * *
##§# * * * , , c. * *
***((# , * * .#.


You could see Nessos (fast).

Vanquished Creatures
  3 hydras
  A bog body (Lair:3)
  2 black mambas
  Joseph (D:9)
  A guardian serpent (Lair:3)
  2 centaur zombies (D:10)
  4 cane toads
  7 komodo dragons
  Grinder (D:5)
  3 trolls
  Prince Ribbit (D:9)
  3 blink frogs (Lair:3)
  A shadow (D:10)
  2 wyverns
  Eustachio (D:5)
  27 yaks
  2 wraiths
  A warg (D:8)
  14 water moccasins
  4 orc warriors
  2 ice beasts
  2 black bears
  2 sky beasts
  3 ogres
  A tengu (D:6)
  5 centaurs
  A phantom (D:5)
  A kobold brigand (D:8)
  10 bullfrogs
  A water moccasin skeleton (D:4)
  4 wights (D:8)
  An electric eel (Lair:3)
  A bullfrog zombie (D:7)
  2 jellies
  5 hounds
  A centaur skeleton (D:4)
  3 gnoll shamans
  8 orc priests
  8 orc wizards
  4 iguanas
  2 howler monkey zombies
  10 gnolls
  10 adders
  2 shadow imps
  3 white imps
  An ufetubus (D:5)
  4 worms
  3 dart slugs
  38 orcs
  10 ball pythons
  2 endoplasms
  4 giant cockroaches
  9 hobgoblins
  7 jackals
  3 quokkas
  5 bats
  A frilled lizard (D:2)
  5 goblins
  7 kobolds
  11 rats
283 creatures vanquished.

Vanquished Creatures (collateral kills)
  Gastronok (Lair:3)
  Nergalle (Lair:1)
  A yak (Lair:2)
3 creatures vanquished.

Vanquished Creatures (others)
  A yak (Lair:2)
  An orc (D:8)
  A kobold (D:8)
  11 fungi
  14 plants
28 creatures vanquished.

Grand Total: 314 creatures vanquished

Notes
Turn   | Place    | Note
-------+----------+-------------------------------------------
     0 | D:1      | tkbsonic5 the Deep Dwarf Fighter began the quest for the
                  | Orb.
     0 | D:1      | Reached XP level 1. HP: 20/20 MP: 1/1
   197 | D:1      | Reached XP level 2. HP: 16/27 MP: 2/2
   200 | D:1      | Found Yskacw's Antique Armour Boutique.
   643 | D:2      | Reached XP level 3. HP: 33/34 MP: 3/3
   798 | D:2      | Reached skill level 1 in Dodging
   798 | D:2      | Reached XP level 4. HP: 35/42 MP: 4/4
  1058 | D:2      | Found a faded altar of an unknown god.
  1414 | D:3      | Reached XP level 5. HP: 44/49 MP: 5/5
  1665 | D:3      | Noticed an ogre
  1757 | D:4      | Identified the +0 buckler "Asudigaq" {rElec Will+ MP+9}
  1794 | D:4      | Identified the +0 leather armour of the Ant {+Inv rPois rC-
                  | Str-3}
  2137 | D:4      | Reached skill level 1 in Spellcasting
  2137 | D:4      | Reached XP level 6. HP: 19/57 MP: 7/7
  2409 | D:5      | Entered Level 5 of the Dungeon
  2617 | D:5      | Noticed an ice beast
  2634 | D:5      | Reached skill level 1 in Evocations
  2634 | D:5      | Reached XP level 7. HP: 41/64 MP: 8/8
  2790 | D:5      | Reached skill level 5 in Axes
  2820 | D:5      | Noticed Grinder
  2826 | D:5      | Killed Grinder
  2827 | D:5      | Reached skill level 1 in Throwing
  2827 | D:5      | Reached skill level 5 in Shields
  2827 | D:5      | Reached XP level 8. HP: 48/73 MP: 8/10
  3101 | D:5      | Noticed Eustachio
  3116 | D:5      | Killed Eustachio
  3117 | D:5      | Reached skill level 5 in Armour
  3470 | D:6      | Found a radiant altar of Vehumet.
  3470 | D:6      | Found a shimmering blue altar of Sif Muna.
  3471 | D:6      | Found a white marble altar of Elyvilon.
  3479 | D:6      | Became a worshipper of Elyvilon the Healer
  3554 | D:6      | Reached skill level 1 in Invocations
  4128 | D:7      | Noticed a troll
  4132 | D:7      | Killed a troll
  4133 | D:7      | Gained mutation: You passively map the area around you.
                  | [Deep Dwarf growth]
  4133 | D:7      | Reached XP level 9. HP: 48/80 MP: 10/10
  4151 | D:7      | Found a staircase to the Ecumenical Temple.
  4159 | D:7      | Reached * piety under Elyvilon
  4181 | D:7      | Reached skill level 5 in Fighting
  4383 | D:7      | Found Aneajy's Assorted Antiques.
  4389 | D:7      | Bought a scroll labelled SATILYAR ZITE for 22 gold pieces
  4389 | D:7      | Bought a scroll labelled CAKLUFIREV for 22 gold pieces
  4389 | D:7      | Bought a copper wand for 88 gold pieces
  4443 | D:7      | Reached ** piety under Elyvilon
  5079 | D:8      | Found a blossoming altar of Fedhas.
  5122 | D:8      | Reached skill level 5 in Evocations
  5262 | D:8      | Found a staircase to the Lair.
  5948 | D:9      | Reached skill level 5 in Invocations
  5948 | D:9      | Reached XP level 10. HP: 49/88 MP: 12/12
  6226 | D:9      | Reached *** piety under Elyvilon
  6242 | D:9      | Noticed Joseph
  6443 | D:9      | Noticed Prince Ribbit
  6449 | D:9      | Killed Prince Ribbit
  6486 | D:9      | Identified the +0 ring mail "Omoepp" {Rampage *Corrode
                  | rPois Int+4}
  6561 | D:9      | Got the Grimoire of the Hurtful Mountains
  6777 | D:9      | Killed Joseph
  6778 | D:9      | Reached skill level 5 in Dodging
  6869 | D:10     | Entered Level 10 of the Dungeon
  7553 | D:10     | Reached skill level 5 in Throwing
  7766 | D:10     | Found Canugry's Distillery.
  7769 | D:10     | Bought a potion of heal wounds for 55 gold pieces
  7769 | D:10     | Bought a potion of curing for 33 gold pieces
  7769 | D:10     | Bought a potion of might for 44 gold pieces
  7769 | D:10     | Bought a potion of curing for 33 gold pieces
  7769 | D:10     | Bought a potion of haste for 110 gold pieces
  7769 | D:10     | Bought a potion of resistance for 110 gold pieces
  7769 | D:10     | Bought a potion of magic for 88 gold pieces
  7769 | D:10     | Bought a potion of lignification for 33 gold pieces
  8003 | D:10     | Found a portal to a secret trove of treasure.
  8283 | Lair:1   | Entered Level 1 of the Lair of Beasts
  8297 | Lair:1   | Reached XP level 11. HP: 83/97 MP: 12/12
  8338 | Lair:1   | Noticed an eight-headed hydra
  8343 | Lair:1   | Killed an eight-headed hydra
  8346 | Lair:1   | Noticed Nergalle
  8357 | Lair:1   | Killed Nergalle
  8449 | Lair:1   | Reached **** piety under Elyvilon
  8469 | Lair:1   | Found a transporter.
  8476 | Lair:1   | Noticed Fractals's ghost (journeyman DrCj)
  8484 | Lair:1   | Found a transporter.
  9425 | Lair:2   | Identified the +4 whip of a treasure trove {protect, Will+
                  | rCorr}
  9464 | Lair:2   | Was placed under penance by Elyvilon
  9803 | Lair:2   | Noticed an oklob plant
 10068 | Lair:3   | Found a staircase to the Snake Pit.
 10080 | Lair:3   | Reached XP level 12. HP: 59/106 MP: 13/13
 10185 | Lair:3   | Noticed Gastronok
 10188 | Lair:3   | Was forgiven by Elyvilon
 10194 | Lair:3   | Killed Gastronok
 10374 | Lair:3   | Found a staircase to the Swamp.
 10525 | Lair:3   | Reached ***** piety under Elyvilon
 11181 | Lair:4   | Noticed a seven-headed hydra
 11189 | Lair:4   | Killed a seven-headed hydra
 11221 | Lair:4   | Noticed a four-headed hydra
 11228 | Lair:4   | Killed a four-headed hydra
 11886 | Lair:4   | Noticed Nessos
 11907 | Lair:4   | HP: 8/163 [Nessos/arrow (7)]
 11907 | Lair:4   | Shot with an arrow by Nessos

Illustrated notes

Levels and vault maps discovered:
D:1:      sevenhm_arrival_forest_fort_large_2, layout_rooms, serial_shops, shop,
          minmay_cut_off
D:2:      minmay_chambers_of_twos, layout_rooms,
          shapermc_ecumenical_altar_hornbeckon
D:3:      layout_basic, nicolae_elevator_lobby_plus
D:4:      layout_loops_ring, nicolae_concentric_dashed_squares_wild,
          minmay_distorted
D:5:      layout_loops_ring, gup_sewer_entry_bowl, kennysheep_pointless_box,
          minmay_a_box_with_orc_wizards_in_it, uniq_eustachio, uniq_grinder
D:6:      layout_gridville, chequers_temple_overflow_statue_of_worship
D:7:      layout_basic, minmay_temple_entry_ruins, serial_shops, shop,
          palyth_stone_intersect
D:8:      layout_basic, mainiacjoe_overflow_alcove_2, erik_lair_orcish_takeover
D:9:      layout_roguey, serial_aquarium, aquarium_bridge_square
          [aquarium_subvault_bridge, aquarium_subvault_bridge,
          aquarium_subvault_wall, aquarium_subvault_wall],
          aquarium_bridge_square [aquarium_subvault_bridge,
          aquarium_subvault_window, aquarium_subvault_wall,
          aquarium_subvault_balcony], aquarium_window_2, aquarium_window_corner,
          aquarium_window_1, aquarium_view_2d, aquarium_view_2e,
          aquarium_pool_corner, hangedman_abyss_or_decor_stagger,
          uniq_prince_ribbit1, uniq_joseph
D:10:     layout_layer_cave, serial_shops, nicolae_shop_window_shopping,
          nicolae_trove_entry_diagonal
Lair:1:   layout_regular_city, nzn_ghost_randoct, uniq_nergalle
Lair:2:   layout_concentric_octagons, columned_hall_lemuel,
          minmay_lair_oklob_items, wad_woods_03
Lair:3:   layout_cave_pods, skrybe_swamp_entry_bodies,
          minmay_snake_entry_spellcaster, serial_bayou_shore_a,
          grunt_megastairs_4, uniq_gastronok
Lair:4:   layout_cave_pods, uniq_nessos

Skill      XL: |  1  2  3  4  5  6  7  8  9 10 11 12 |
---------------+-------------------------------------+-----
Fighting       | 3 4 5 6 7 |  7.4
Axes           | 3 4 5 6 7 8 9 |  9.8
Dodging        | 1 2 3 4 5 6 7 |  7.0
Shields        | 4 5 6 8 |  8.8
Armour         | 4 5 6 7 8 |  8.7
Spellcasting   | 1 2 3 4 |  4.2
Evocations     | 1 2 4 5 6 7 |  7.6
Throwing       | 1 3 4 5 6 |  6.3
Invocations    | 2 5 6 8 9 |  9.1

Action                   |  1- 3 |  4- 6 |  7- 9 | 10-12 || total
-------------------------+-------+-------+-------+-------++-------
Melee: War axe           |    49 |   171 |   177 |   266 ||   663
       Whip              |       |       |       |    20 ||    20
       Battleaxe         |       |       |       |     6 ||     6
       Punch             |       |       |       |     1 ||     1
Throw: Dart              |       |       |    62 |    45 ||   107
       Javelin           |       |       |    14 |    47 ||    61
       Throwing net      |       |       |     2 |     1 ||     3
Invok: Heal Other        |       |       |     3 |       ||     3
       Heal Self         |       |       |       |     4 ||     4
 Abil: Heal Wounds       |     1 |     3 |    10 |    21 ||    35
Evoke: Wand              |       |       |     9 |    13 ||    22
       Lightning rod     |       |       |       |     6 ||     6
       Phantom mirror    |       |       |       |     2 ||     2
       Phial of floods   |       |       |       |     1 ||     1
  Use: Scroll            |       |    10 |     2 |    15 ||    27
       Potion            |       |       |     4 |     5 ||     9
 Stab: Invisible         |       |       |     1 |       ||     1
       Distracted        |       |       |     1 |     3 ||     4
Armor: Scale mail        |    30 |    62 |    45 |     6 ||   143
       Quicksilver drago |       |       |       |    70 ||    70
       Skin              |       |       |       |     6 ||     6
Dodge: Dodged            |    41 |    47 |    67 |   113 ||   268
Block: Buckler           |    17 |       |       |       ||    17
       Kite shield       |     1 |   114 |   103 |   146 ||   364
